 Dungeon Crawl Stone Soup version 0.29-a0-997-gf6f7e2dfe7 (webtiles) character file.

Game seed: 15828480086901192261

110 vurker the Vexing (level 4, -2/34 HPs)
             Began as a Demonspawn Enchanter on Aug 4, 2022.
             Slain by an orc priest
             ... wielding a +0 mace
              (5 damage)
             ... on level 3 of the Dungeon.
             The game lasted 00:03:11 (3064 turns).

vurker the Vexing (Demonspawn Enchanter)            Turns: 3064, Time: 00:03:11

Health: -2/34      AC:  4    Str: 10    XL:     4   Next: 61%
Magic:  7/7        EV: 12    Int: 17    God:
Gold:   175        SH:  0    Dex: 13    Spells: 7/7 levels left

rFire   . . .      SeeInvis .   l - +2 dagger (venom)
rCold   . . .      Faith    .   (no shield)
rNeg    . . .      Spirit   .   b - +0 robe
rPois   .          Reflect  .   (no helmet)
rElec   .          Harm     .   (no cloak)
rCorr   .          Rampage  .   (no gloves)
Will    .....                   (no boots)
Stlth   ++........              (no amulet)
HPRegen 0.11/turn               (no ring)
MPRegen 0.10/turn               (no ring)

@: no status effects
A: molten scales 1, demonic guardian 1
a: no special abilities


You were on level 3 of the Dungeon.
You visited 1 branch of the dungeon, and saw 3 of its levels.

You collected 175 gold pieces.

Inventory:

Hand Weapons
 l - a +2 dagger of venom (weapon)
   (You found it on level 2 of the Dungeon)
Armour
 b - a +0 robe (worn)
Scrolls
 a - a scroll of teleportation {unknown}
 d - 2 scrolls of noise {unknown}
 f - 3 scrolls of identify {unknown}
Potions
 c - 2 potions of invisibility
 e - a potion of lignification {unknown}
 g - a potion of brilliance {unknown}
 h - 2 potions of heal wounds {unknown}
 i - a potion of mutation {unknown}
 j - 2 potions of magic {unknown}
 k - a potion of curing {unknown}


   Skills:
 * Level 2.9 Fighting
 - Level 0.8 Short Blades
 + Level 1.7 Armour
 + Level 2.6 Dodging
 - Level 2.6 Stealth
 - Level 2.0 Spellcasting
 - Level 3.0 Hexes


You had 7 spell levels left.
You didn't know any spells.
Your spell library contained the following spells:

 Spells                   Type           Power      Damage    Failure   Level
 Ensorcelled Hibernation  Hex/Ice        12%        N/A       16%         2
 Confusing Touch          Hex            11%        N/A       17%         3
 Tukima's Dance           Hex            11%        N/A       17%         3
 Dazzling Flash           Conj/Hex       12%        N/A       30%         3


Dungeon Overview and Level Annotations

Branches:
Dungeon (3/15)

Altars:


Innate Abilities, Weirdness & Mutations

You are partially covered in molten scales. (AC +2)
A weak demonic guardian rushes to your aid.


Message History

The orc priest closely misses you.
The orc priest attacks as you move away!
The orc priest hits you with a +0 mace.
The orc priest mumbles some strange prayers to Beogh against you.
Beogh smites you!
* * * LOW HITPOINT WARNING * * *
You hit the orc priest.
The orc priest is poisoned.
The orc priest hits you with a +0 club.
* * * LOW HITPOINT WARNING * * *
The orc priest mumbles some strange prayers to Beogh against you.
Beogh smites you!
* * * LOW HITPOINT WARNING * * *
A demonic guardian appears!
You closely miss the orc priest.
The orc priest looks encouraged for a moment.
The orc hits your white imp but does no damage.
Your white imp barely misses the orc priest.
Unknown command.
You closely miss the orc priest. The orc priest hits you with a +0 club.
* * * LOW HITPOINT WARNING * * *
The orc hits your white imp with a +3 dagger.
Your white imp hits the orc priest but does no damage.
You completely miss the orc priest. The orc priest hits you with a +0 club.
* * * LOW HITPOINT WARNING * * *
You hit the orc priest.
Your white imp hits the orc priest but does no damage.
The orc priest closely misses you.
The orc priest hits your white imp with a +0 mace.
Your white imp dies!
Your white imp disappears in a puff of smoke!
You hit the orc priest but do no damage.
The orc priest looks even sicker.
The orc priest hits you but does no damage.
You closely miss the orc priest.
You kill the orc priest!
You hit the orc.
The orc is poisoned.
The orc closely misses you.
You barely miss the orc. The orc barely misses you.
You hit the orc.
You kill the orc!
You hit the orc priest.
The orc priest is poisoned.
The orc priest hits you with a +0 mace.
* * * LOW HITPOINT WARNING * * *
You hit the orc priest.
The orc priest looks as sick as possible!
The orc priest misses you.
You barely miss the orc priest. You hit the orc priest.
The orc priest looks as sick as possible!
The orc priest hits you with a +0 mace.
You die...

#.......# ##.#.#...
#.......# #.......
#..#.##.########.....
.###..#.....).....######
.......##.######.#
.###..####.#
...........#
.######.#### #@#
####o#### #...o...#
#.......# #.......#
#.......# #.......#
#.......# #.......#


You could see an orc priest (extremely poisoned) and an orc.

Vanquished Creatures
  An orc priest (D:3)
  3 adders (D:3)
  A dart slug (D:2)
  An orc (D:3)
  3 ball pythons
  5 endoplasms
  3 giant cockroaches
  5 goblins
  2 hobgoblins
  A quokka (D:3)
  5 bats
  3 frilled lizards
  5 kobolds
  5 rats
43 creatures vanquished.

Vanquished Creatures (collateral kills)
  A worm (D:2)
  2 goblins (D:2)
3 creatures vanquished.

Grand Total: 46 creatures vanquished

Notes
Turn   | Place    | Note
-------+----------+-------------------------------------------
     0 | D:1      | vurker the Demonspawn Enchanter began the quest for the
                  | Orb.
     0 | D:1      | Reached XP level 1. HP: 13/13 MP: 3/3
   471 | D:1      | Reached skill level 1 in Fighting
   473 | D:1      | Gained mutation: A weak demonic guardian rushes to your
                  | aid. [demonic ancestry]
   473 | D:1      | Reached XP level 2. HP: 15/21 MP: 5/5
   625 | D:1      | Found a faded altar of an unknown god.
  1886 | D:2      | Reached skill level 1 in Armour
  1969 | D:2      | Gained mutation: You are partially covered in molten
                  | scales. (AC +2) [demonic ancestry]
  1969 | D:2      | Reached XP level 3. HP: 27/27 MP: 6/6
  2897 | D:3      | Reached XP level 4. HP: 25/34 MP: 7/7
  3064 | D:3      | Slain by an orc priest

Illustrated notes

Levels and vault maps discovered:
D:1:      minmay_arrival_checkered_box, layout_basic,
          ebering_ecumenical_altar_hall, minivault_24, minmay_misc_feat_tiny
D:2:      layout_basic, minmay_misc_feat_roman
D:3:      minmay_diamond_boxcup, layout_loops_cross,
          mainiacjoe_overflow_surrounded_room, palyth_stone_intersect

Skill      XL: |  1  2  3 |
---------------+----------+-----
Fighting       | 1 2 |  2.9
Dodging        | 2 |  2.6
Armour         | 1 |  1.7
Short Blades   | |  0.8
Stealth        | |  2.6
Spellcasting   | |  2.0
Hexes          | |  3.0

Action                   |  1- 3 |  4- 6 || total
-------------------------+-------+-------++-------
Melee: Dagger            |   122 |    20 ||   142
       Punch             |     1 |       ||     1
 Stab: Sleeping          |     6 |       ||     6
Armor: Robe              |    31 |     1 ||    32
Dodge: Dodged            |    76 |    10 ||    86

Table legend: (Time is in decaauts)
 A = Elapsed time spent in this place.
 B = Non-inter-level travel time spent in this place.
 C = Inter-level travel time spent in this place.
 D = Time resting spent in this place.
 E = Time spent auto-exploring this place.
 F = Levels seen in this place.
 G = Mean time per level.
                   A        B        C        D        E       F      G
               +--------+--------+--------+--------+--------+-----+--------+
         Total |   3057 |   2918 |    139 |      0 |   2542 |   3 | 1019.0 |
       Dungeon |   3057 |   2918 |    139 |      0 |   2542 |   3 | 1019.0 |
               +--------+--------+--------+--------+--------+-----+--------+

Top non-repeatable levels by time:
     D:1: 1296 daAuts
     D:2: 1007 daAuts
     D:3: 753 daAuts
